 Dungeon Crawl Stone Soup version 0.26-a0-546-g3c2127501a (webtiles) character file.

Game seed: 10679508136125994779

5258 ANON1729 the Cleaver (level 10, -3/94 (95) HPs)
             Began as a Hill Orc Fighter on Aug 19, 2020.
             Was a Priest of Beogh.
             Slain by Gastronok (20 damage)
             ... on level 10 of the Dungeon.
             The game lasted 00:14:18 (10672 turns).

ANON1729 the Cleaver (Hill Orc Fighter)            Turns: 10672, Time: 00:14:18

HP:   -3/94 (95)    AC: 12    Str: 23    XL:     10   Next: 62%
MP:   4/10          EV:  6    Int:  8    God:    Beogh [***...]
Gold: 266           SH:  9    Dex: 10    Spells: 9/9 levels left

rFire    . . .     SeeInvis .   C - +2 hand axe (vamp)
rCold    + . .     Faith    .   c - +0 kite shield
rNeg     + . .     Spirit   .   D - +1 chain mail {rC+}
rPois    .         Reflect  .   (no helmet)
rElec    .         Harm     .   (no cloak)
rCorr    .                      (no gloves)
MR       .....                  (no boots)
Stlth    ..........             (no amulet)
HPRegen  0.25/turn              e - ring of positive energy
MPRegen  0.12/turn              (no ring)

@: slowed, very slow
A: no striking features
a: Smiting, Renounce Religion


You were on level 10 of the Dungeon.
You worshipped Beogh.
Beogh was most pleased with you.
You visited 1 branch of the dungeon, and saw 10 of its levels.

You collected 398 gold pieces.
You spent 132 gold pieces at shops.

Inventory:

Hand Weapons
 a - a +0 war axe
 s - a +2 trident of distortion
 C - a +2 vampiric hand axe (weapon)
Armour
 b - a +0 scale mail
 c - a +0 kite shield (worn)
 D - a +1 chain mail of cold resistance (worn)
Jewellery
 e - a ring of positive energy (left hand)
 x - an uncursed amulet of regeneration {unknown}
 y - an uncursed ring of flight {unknown}
 F - an uncursed ring of positive energy
 G - a +6 ring of strength {unknown}
 J - an uncursed ring of ice {unknown}
Wands
 m - a wand of random effects (32)
 r - a wand of digging (2)
 B - a wand of acid (6)
 E - a wand of polymorph (5)
 H - a wand of flame (34)
 L - a wand of enslavement (12)
Scrolls
 f - 7 scrolls of remove curse {unknown}
 g - 14 scrolls of identify {unknown}
 h - 6 scrolls of teleportation {unknown}
 i - 2 scrolls of noise {unknown}
 o - a scroll of immolation {unknown}
 p - 3 scrolls of fog {unknown}
 q - 2 scrolls of amnesia {unknown}
 u - a scroll of fear {unknown}
 A - 2 scrolls of enchant armour {unknown}
 K - a scroll of torment {unknown}
 M - a scroll of vulnerability {unknown}
Potions
 d - 2 potions of might
 j - 2 potions of lignification {unknown}
 k - 3 potions of heal wounds {unknown}
 l - a potion of brilliance {unknown}
 n - 3 potions of flight {unknown}
 t - 2 potions of ambrosia {unknown}
 v - a potion of curing {unknown}
 w - 6 potions of cancellation {unknown}
 z - 3 potions of haste
Miscellaneous
 I - a phial of floods (inert)


   Skills:
 + Level 11.0 Fighting
 + Level 11.6 Axes
 + Level 10.2 Armour
 - Level 4.0 Shields


You had 9 spell levels left.
You didn't know any spells.
Your spell library contained the following spells:

 Spells                   Type           Power        Failure   Level
 Magic Dart               Conj           #...         100%        1
 Blink                    Tloc           N/A          100%        2
 Call Imp                 Summ           #.......     100%        2
 Slow                     Hex            #.......     100%        2
 Conjure Flame            Conj/Fire      #.......     100%        3
 Mephitic Cloud           Conj/Pois/Air  #.......     100%        3


Dungeon Overview and Level Annotations

Branches:
Dungeon (10/15)            Temple (0/1) D:5            Lair (0/6) D:9
    Orc: D:9-12

Altars:
Cheibriados
Elyvilon
Gozag
Hepliaklqana
Makhleb
Okawaru
Ru
Sif Muna
Trog
Uskayaw
Vehumet
The Shining One

Shops:
D:4 [

Annotations:
D:7 exclusion: statue
D:8 2 transporters, Renjy's ghost, novice VSIE
D:10 Gastronok


Message History

You are too injured to fight recklessly!
You are too injured to fight recklessly!
You are too injured to fight recklessly!
You are too injured to fight recklessly!
Aiming: Smiting
Press: ? - help, Dir - move target cursor, f/p - Gastronok Smite: Gastronok, wearing a +2 hat (almost dead)
You smite Gastronok!
Gastronok is almost dead.
Gastronok bites you!
* * * LOW HITPOINT WARNING * * *
Aiming: Smiting
Press: ? - help, Dir - move target cursor, f/p - Gastronok Smite: Gastronok, wearing a +2 hat (almost dead)
You smite Gastronok!
Gastronok is almost dead.
You hit Gastronok but do no damage.
Gastronok is almost dead.
Gastronok bites you!!
You die...

#### #..#
..#
..######!
#........
#.w......
#@.......
#........
.........
.....###..
$...... .
.........
...?......#
#..........#


You could see Gastronok.

Vanquished Creatures
  A death knight (D:9)
  Joseph (D:9)
  Maggie (D:9)
  A hippogriff (D:7)
  A water moccasin (D:7)
  Duvessa (D:6)
  A black bear (D:7)
  2 orc warriors
  A sky beast (D:7)
  An ice beast (D:7)
  2 phantoms
  5 ogres
  3 centaurs
  A big kobold (D:9)
  2 bullfrogs (D:8)
  A gnoll sergeant (D:8)
  Dowan (D:6)
  A scorpion (D:7)
  10 wights
  2 bullfrog zombies
  A centaur skeleton (D:7)
  5 hounds
  2 jellies
  5 orc priests
  Natasha (thrice) (D:2)
  5 orc wizards
  Ijyb (D:3)
  5 worker ants
  A killer bee zombie (D:6)
  4 gnolls (D:8)
  A worker ant zombie (D:6)
  11 adders
  2 shadow imps
  A white imp (D:7)
  3 ufetubi
  2 adder zombies (D:8)
  An adder skeleton (D:7)
  7 worms
  2 dart slugs (D:1)
  7 leopard geckos
  21 orcs
  A ball python (D:5)
  7 giant cockroaches
  7 goblins
  6 hobgoblins
  11 jackals
  A quokka (D:8)
  7 bats
  6 frilled lizards
  2 jackal skeletons
  2 jackal zombies (D:8)
  9 kobolds
  A quokka skeleton (D:5)
  17 rats
206 creatures vanquished.

Vanquished Creatures (collateral kills)
  A komodo dragon (D:9)
  An ice beast (D:9)
  A necrophage (D:8)
  A centaur (D:8)
  2 wights (D:9)
  2 bullfrog zombies
  A quasit (D:8)
  An iguana (D:9)
  A hound skeleton (D:9)
11 creatures vanquished.

Vanquished Creatures (others)
  An orc warrior (D:9)
  2 orc wizards
  A leopard gecko (D:3)
  2 orcs (D:8)
  3 plants (D:9)
9 creatures vanquished.

Grand Total: 226 creatures vanquished

Notes
Turn   | Place    | Note
-------+----------+-------------------------------------------
     0 | D:1      | ANON1729 the Hill Orc Fighter began the quest for the Orb.
     0 | D:1      | Reached XP level 1. HP: 19/19 MP: 1/1
    76 | D:1      | Reached XP level 2. HP: 8/27 MP: 2/2
   440 | D:1      | Reached XP level 3. HP: 33/33 MP: 3/3
  1042 | D:2      | Noticed Natasha
  1050 | D:2      | Killed Natasha
  1050 | D:2      | Reached XP level 4. HP: 26/40 MP: 4/4
  1313 | D:2      | Found a burning altar of Makhleb.
  1344 | D:2      | Noticed Natasha
  1355 | D:2      | Killed Natasha
  1392 | D:2      | Found a sacrificial altar of Ru.
  1402 | D:2      | Reached XP level 5. HP: 45/47 MP: 5/5
  1562 | D:2      | Noticed Natasha
  1578 | D:2      | Killed Natasha
  2120 | D:3      | Noticed Ijyb
  2135 | D:3      | Killed Ijyb
  2135 | D:3      | Reached skill level 5 in Fighting
  2174 | D:3      | Reached XP level 6. HP: 39/56 MP: 6/6
  2514 | D:3      | Found an iron altar of Okawaru.
  2535 | D:3      | Found a hide-covered altar of Uskayaw.
  2677 | D:3      | Reached skill level 5 in Axes
  2689 | D:3      | Became a worshipper of Beogh the Brigand
  2769 | D:3      | Reached skill level 5 in Armour
  3488 | D:4      | Found Deusiole's Armour Shop.
  3500 | D:4      | Bought the +0 leather armour of Watchfulness {rN+} for 132
                  | gold pieces
  3650 | D:4      | Reached XP level 7. HP: 56/62 MP: 7/7
  4011 | D:5      | Entered Level 5 of the Dungeon
  4125 | D:5      | Reached * piety under Beogh
  4157 | D:5      | Found a snail-covered altar of Cheibriados.
  4242 | D:5      | Found a hazy altar of Hepliaklqana.
  4264 | D:5      | Found a staircase to the Ecumenical Temple.
  4460 | D:5      | Found a glowing golden altar of the Shining One.
  4481 | D:5      | Noticed a moth of wrath
  4484 | D:5      | Found a bloodstained altar of Trog.
  5047 | D:6      | Reached XP level 8. HP: 63/71 MP: 8/8
  5108 | D:6      | Noticed Duvessa
  5133 | D:6      | Noticed Dowan
  5177 | D:6      | Killed Duvessa
  5177 | D:6      | Killed Dowan
  5200 | D:6      | Reached ** piety under Beogh
  5818 | D:7      | Noticed a hippogriff
  5833 | D:7      | Killed a hippogriff
  6217 | D:7      | Found an opulent altar of Gozag.
  6283 | D:7      | Reached XP level 9. HP: 77/82 MP: 9/9
  6709 | D:7      | Found a radiant altar of Vehumet.
  6830 | D:7      | Found a shimmering blue altar of Sif Muna.
  7347 | D:8      | Reached *** piety under Beogh
  7408 | D:8      | Found a transporter.
  7409 | D:8      | Found a transporter.
  7414 | D:8      | Noticed Renjy's ghost (novice VSIE)
  7416 | D:8      | Found a bloodstained altar of Trog.
  7476 | D:8      | Noticed a moth of wrath
  7879 | D:8      | Reached skill level 10 in Axes
  8336 | D:8      | Reached skill level 10 in Fighting
  8336 | D:8      | Reached XP level 10. HP: 41/92 MP: 6/10
  8898 | D:9      | Noticed Joseph
  8913 | D:9      | Killed Joseph
  9059 | D:9      | Found a staircase to the Lair.
  9493 | D:9      | Found a white marble altar of Elyvilon.
  9617 | D:9      | Noticed a death knight
  9656 | D:9      | Killed a death knight
  9656 | D:9      | Reached skill level 10 in Armour
 10067 | D:9      | Noticed Maggie
 10099 | D:9      | Killed Maggie
 10630 | D:10     | Entered Level 10 of the Dungeon
 10630 | D:10     | Noticed Gastronok
 10672 | D:10     | Slain by Gastronok

Illustrated notes

Levels and vault maps discovered:
D:1:      lightli_arrival_maybe_door_vault, layout_basic
D:2:      layout_loops_ring, nicolae_overflow_crystal_walls,
          nicolae_ru_great_annihilating_truth, uniq_natasha
D:3:      layout_loops_corners, eat_drink_and_be_merry_uskayaw,
          kennysheep_okawaru_gauntlet, uniq_ijyb
D:4:      layout_loops_cross, serial_shops, shop
D:5:      layout_rooms, marbit_many_paths, tgw_trog, slow_altar_1,
          minmay_temple_entry_overgrown, st_stairs_1, grunt_ministairs_7,
          tso_altar
D:6:      layout_cave_pools, uniq_duvessa
D:7:      layout_gridville, kennysheep_mini_moat, vehumet_statue,
          lemuel_blue_sif_altar
D:8:      layout_basic, serial_undead, serial_undead_c, serial_undead_e,
          serial_undead_d, serial_undead_e, gammafunk_ghost_wrathful_warriors,
          minmay_misc_feat_hallway
D:9:      layout_stronghold, elyvilon_altar_5, david_lair_shrubbed, uniq_maggie,
          uniq_joseph
D:10:     layout_rooms, minmay_checkerbox, uniq_gastronok

Skill      XL: |  1  2  3  4  5  6  7  8  9 10 |
---------------+-------------------------------+-----
Axes           | 3 4 5 6 8 10 11 | 11.6
Fighting       | 4 5 6 8 10 11 | 11.0
Armour         | 4 5 6 7 9 10 | 10.2
Shields        | 4 |  4.0

Action                   |  1- 3 |  4- 6 |  7- 9 | 10-12 || total
-------------------------+-------+-------+-------+-------++-------
Melee: War axe           |   111 |   194 |    82 |       ||   387
       Hand axe          |       |       |   417 |   172 ||   589
Invok: Convert to Beogh  |       |     1 |       |       ||     1
       Smiting           |       |       |     1 |     3 ||     4
Evoke: Wand              |       |     3 |     4 |     7 ||    14
       Phial of floods   |       |       |       |     1 ||     1
 Stab: Paralysed         |       |     1 |       |       ||     1
       Distracted        |       |       |     1 |     1 ||     2
Armor: Scale mail        |    82 |    68 |    56 |       ||   206
       Chain mail        |       |       |   169 |    28 ||   197
Dodge: Dodged            |    38 |    42 |   109 |    22 ||   211
Block: Kite shield       |    64 |   103 |   239 |    31 ||   437

Table legend: (Time is in decaauts)
 A = Elapsed time spent in this place.
 B = Non-inter-level travel time spent in this place.
 C = Inter-level travel time spent in this place.
 D = Time resting spent in this place.
 E = Time spent auto-exploring this place.
 F = Levels seen in this place.
 G = Mean time per level.
                   A        B        C        D        E       F      G
               +--------+--------+--------+--------+--------+-----+--------+
         Total |  10775 |  10498 |    277 |   3908 |   4674 |  10 | 1077.5 |
       Dungeon |  10775 |  10498 |    277 |   3908 |   4674 |  10 | 1077.5 |
               +--------+--------+--------+--------+--------+-----+--------+

Top non-repeatable levels by time:
     D:9: 1769 daAuts
     D:7: 1542 daAuts
     D:8: 1488 daAuts
     D:3: 1252 daAuts
     D:1: 1059 daAuts
     D:2: 951 daAuts
     D:5: 915 daAuts
     D:4: 877 daAuts
     D:6: 875 daAuts
    D:10: 42 daAuts
